 Dungeon Crawl Stone Soup version 0.30-a0-723-gc1506a1cf0 (webtiles) character file.

Game seed: 18374526054469539023

7676 xian the Protected (level 10, -3/89 HPs)
             Began as an Armataur Berserker on Jan 29, 2023.
             Was an Elder of Trog.
             Slain by a killer bee (5 damage)
             ... on level 10 of the Dungeon.
             The game lasted 00:23:39 (9387 turns).

xian the Protected (Armataur Berserker)             Turns: 9387, Time: 00:23:40

Health: -3/89      AC: 13    Str: 26    XL:     10   Next: 99%
Magic:  10/10      EV:  7    Int:  8    God:    Trog [****..]
Gold:   534        SH:  3    Dex: 10    Spells: 9/9 levels left

rFire   . . .      SeeInvis .    s - +3 rapier of Abuse {drain, rN+}
rCold   . . .      Faith    .    C - +0 buckler
rNeg    + . .      Spirit   .    l - +0 chain mail
rPois   .          Reflect  .    (no helmet)
rElec   .          Harm     .    q - +1 cloak
rCorr   +          Roll     +    (no gloves)
Will    .....                    (no barding) Stlth
                                 (no amulet)
HPRegen 0.34/turn                b - ring of resist corrosion
MPRegen 0.12/turn                (no ring)

@: lethally poisoned (-3 -> -43), about to teleport, on berserk cooldown,
slowed, very slow
A: large, rugged brown scales 3, deformed body, armoured tail, roll, long
tongue, awkward tongue
a: Renounce Religion, Berserk, Trog's Hand, Brothers in Arms


You were on level 10 of the Dungeon.
You worshipped Trog.
Trog was greatly pleased with you.
You visited 1 branch of the dungeon, and saw 10 of its levels.
You also visited: Ossuary.

You collected 534 gold pieces.

Inventory:

Hand Weapons
 p - a +4 sling
 s - the +3 rapier of Abuse (weapon) {drain, rN+}
   (You found it on level 3 of the Dungeon)

   rN:        It protects you from negative energy.
 P - a +5 short sword of freezing
Missiles
 d - 2 boomerangs
 v - 24 stones (quivered)
 F - 8 poisoned darts
 I - a throwing net
Armour
 l - a +0 chain mail (worn)
 q - a +1 cloak (worn)
 C - a +0 buckler (worn)
 O - a +0 robe of the Archmagi
 Q - the +1 robe of Anaesthesia {+Blink}
   (You found it on level 9 of the Dungeon)

   +Blink:    It lets you blink.
Jewellery
 b - a ring of resist corrosion (left hand)
 H - an amulet of faith
Wands
 k - a wand of digging (6)
 y - a wand of flame (18)
 E - a wand of charming (6)
 G - a wand of iceblast (13)
 J - a wand of light (18)
 K - a wand of mindburst (5)
Scrolls
 h - 3 scrolls of fear
 i - 4 scrolls of fog
 m - 2 scrolls of poison
 o - 4 scrolls of magic mapping
 t - 2 scrolls of vulnerability
 w - 2 scrolls of enchant armour
 z - 4 scrolls of teleportation
 B - a scroll of blinking
 D - a scroll of butterflies
 L - 2 scrolls of immolation
 N - a scroll of enchant weapon
Potions
 a - 3 potions of heal wounds
 c - 3 potions of cancellation {unknown}
 e - 2 potions of flight {unknown}
 f - a potion of lignification {unknown}
 g - 2 potions of might
 j - 3 potions of haste {unknown}
 n - 3 potions of brilliance {unknown}
 r - 3 potions of mutation
 u - 6 potions of curing
 x - a potion of berserk rage {unknown}
 A - a potion of attraction {unknown}
 M - a potion of magic {unknown}


   Skills:
 + Level 6.7 Fighting
 + Level 10.7 Short Blades
 + Level 1.2 Throwing
 + Level 11.6 Armour
 + Level 3.4 Dodging
 + Level 1.9 Stealth
 + Level 0.5 Shields


You had 9 spell levels left.
You didn't know any spells.
Your spell library contained the following spells:

 Spells                   Type           Power      Damage    Failure   Level
 Magic Dart               Conj           0%         1d3       94%         1
 Sandblast                Erth           0%         2d4       94%         1
 Blink                    Tloc           0%         N/A       98%         2
 Lesser Beckoning         Tloc           0%         N/A       98%         2
 Momentum Strike          Conj/Tloc      0%         3d8       98%         2
 Passwall                 Tmut/Erth      0%         N/A       98%         2
 Searing Ray              Conj           0%         2d4       98%         2
 Sublimation of Blood     Necr           0%         N/A       98%         2
 Wereblood                Tmut           0%         N/A       98%         2
 Hailstorm                Conj/Ice       0%         3d3       100%        3
 Portal Projectile        Hex/Tloc       0%         N/A       100%        3
 Stone Arrow              Conj/Erth      0%         3d7       100%        3
 Tukima's Dance           Hex            0%         N/A       100%        3
 Fulminant Prism          Conj/Hex       0%         3d5       100%        4
 Ice Form                 Ice/Tmut       0%         N/A       100%        4
 Blade Hands              Tmut           0%         N/A       100%        5
 Simulacrum               Ice/Necr       0%         N/A       100%        6
 Summon Hydra             Summ           0%         N/A       100%        7


Dungeon Overview and Level Annotations

Branches:
Dungeon (10/15)            Temple (0/1) D:5            Lair (0/5) D:9
Ossuary (visited)
    Orc: D:9-12

Altars:
Cheibriados
Elyvilon
Fedhas
Kikubaaqudgha
Qazlal
Wu Jian
Yredelemnul


Innate Abilities, Weirdness & Mutations

You are completely covered in rugged brown scales. (AC +3, +7% HP)
Armour fits poorly on your strangely shaped body.
You have a long armoured tail.
You roll when moving toward enemies. (Rampage)
Your long tongue fully drains potion bottles. (2x potion effects)
Your tongue gives you trouble enunciating. (1.5x scroll delay)


Message History

The killer bee stings you but does no damage. x2
The killer bee stings you.
You are poisoned.
The killer bee poisons you! The killer bee barely misses you.
The killer bee stings you but does no damage.
The killer bee stings you.
You are more poisoned.
The killer bee poisons you! The killer bee stings you.
You are lethally poisoned!
The killer bee poisons you! You block the killer bee's attack.
The killer bee barely misses you.
Okay, then.
As you slowly read the scroll of teleportation, it crumbles to dust.
You feel strangely unstable.
* * * LOW HITPOINT WARNING * * *
You feel extremely sick.
The killer bee stings you but does no damage. x3
The killer bee stings you.
* * * LOW HITPOINT WARNING * * *
The killer bee stings you.
* * * LOW HITPOINT WARNING * * *
The killer bee stings you but does no damage.
The killer bee barely misses you.
The killer bee stings you but does no damage.
The killer bee stings you.
* * * LOW HITPOINT WARNING * * *
You are more poisoned.
The killer bee poisons you!
The killer bee stings you but does no damage. x2
The killer bee barely misses you. The killer bee stings you.
* * * LOW HITPOINT WARNING * * *
You are more poisoned.
The killer bee poisons you! You block the killer bee's attack.
The killer bee stings you.
* * * LOW HITPOINT WARNING * * *
You are more poisoned.
The killer bee poisons you!
The killer bee stings you but does no damage. x3
The killer bee stings you.
You die...

####'###
#...#
#.###
##†#######
#........#
#........#
#........#
#........#
#....y@y.#
#....yyy.+
#........#
#......$.#
#........#
#........#
###......#
##.#####
.y.#


You could see 5 killer bees.

Vanquished Creatures
  A two-headed ogre (D:6)
  Pikel (D:4)
  Maggie (D:7)
  Psyche (D:9)
  A troll (D:9)
  Grinder (D:3)
  Sigmund (D:3)
  2 wyverns
  5 yaks
  2 steam dragons
  2 orc warriors (D:9)
  2 sky beasts (D:7)
  5 black bears
  The ghost of Valagong the Covered, an amateur MiFi (D:3)
  2 ogres
  3 centaurs
  2 phantoms
  2 kobold brigands
  5 bullfrogs
  A gnoll sergeant (D:6)
  3 necrophages
  A scorpion (D:6)
  8 wights (D:8)
  11 killer bees
  3 howler monkeys
  5 hounds
  4 gnoll boudas
  A jelly (D:5)
  Crazy Yiuf (D:5)
  A centaur skeleton (D:3)
  5 orc priests
  5 human zombies
  Ijyb (D:5)
  A bullfrog skeleton (D:3)
  2 iguanas
  4 mummies (Ossuary)
  An adder (D:6)
  18 gnolls
  A shadow imp (D:7)
  2 white imps
  An ufetubus (D:4)
  3 worms
  6 dart slugs
  22 orcs
  2 endoplasms
  5 hobgoblins (D:1)
  4 quokkas
  5 ball pythons
  3 frilled lizards
  2 gnoll zombies (Ossuary)
  5 goblins
  A goblin zombie (D:7)
  A hobgoblin zombie (Ossuary)
  10 kobolds
  A kobold skeleton (D:9)
  A kobold zombie (D:9)
  An orc zombie (Ossuary)
  5 rats
  A rat zombie (D:7)
198 creatures vanquished.

Vanquished Creatures (others)
  4 fungi (D:9)
  10 plants (D:9)
  2 withered plants (D:4)
16 creatures vanquished.

Grand Total: 214 creatures vanquished

Notes
Turn   | Place    | Note
-------+----------+-------------------------------------------
     0 | D:1      | xian the Armataur Berserker began the quest for the Orb.
     0 | D:1      | Reached XP level 1. HP: 19/19 MP: 1/1
   300 | D:1      | Reached XP level 2. HP: 16/26 MP: 2/2
   719 | D:2      | Found an ornate altar of the Wu Jian Council.
  1018 | D:2      | Reached XP level 3. HP: 33/33 MP: 3/3
  1602 | D:3      | Noticed Grinder
  1618 | D:3      | Killed Grinder
  1619 | D:3      | Reached skill level 3 in Armour
  1619 | D:3      | Reached XP level 4. HP: 24/42 MP: 4/4
  1619 | D:3      | Reached XP level 5. HP: 28/49 MP: 5/5
  1944 | D:3      | Identified the +3 rapier of Abuse {drain, rN+}
  2034 | D:3      | Noticed Sigmund
  2042 | D:3      | Reached ** piety under Trog
  2056 | D:3      | Killed Sigmund
  2057 | D:3      | Reached skill level 4 in Armour
  2057 | D:3      | Reached XP level 6. HP: 20/56 MP: 6/6
  2296 | D:3      | Found a runed translucent gate.
  2298 | D:3      | Found a runed translucent gate.
  2299 | D:3      | Found a runed translucent gate.
  2302 | D:3      | Noticed Valagong's ghost (amateur MiFi)
  2405 | D:3      | Reached skill level 1 in Stealth
  2413 | D:3      | Killed Valagong's ghost
  2419 | D:3      | Reached skill level 5 in Armour
  2419 | D:3      | Reached XP level 7. HP: 47/64 MP: 7/7
  2492 | D:4      | Noticed Pikel
  2508 | D:4      | Killed Pikel
  2509 | D:4      | Reached skill level 5 in Short Blades
  2509 | D:4      | Reached skill level 6 in Armour
  2622 | D:4      | Reached XP level 8. HP: 71/71 MP: 8/8
  2660 | D:4      | Found a white marble altar of Elyvilon.
  2856 | D:4      | Found an ancient bone altar of Kikubaaqudgha.
  2966 | D:4      | Reached skill level 5 in Fighting
  2966 | D:4      | Reached skill level 7 in Armour
  3151 | D:4      | Found a snail-covered altar of Cheibriados.
  3360 | D:5      | Entered Level 5 of the Dungeon
  3590 | D:5      | Noticed Ijyb
  3605 | D:5      | Killed Ijyb
  3734 | D:5      | Found a staircase to the Ecumenical Temple.
  3747 | D:5      | Found a stormy altar of Qazlal.
  3755 | D:5      | HP: 1/72 [ogre/+0 giant spiked club (22)]
  4149 | D:5      | Reached skill level 8 in Armour
  4377 | D:5      | Found a runed translucent door.
  4378 | D:5      | Noticed Crazy Yiuf
  4385 | D:5      | Killed Crazy Yiuf
  4913 | D:6      | HP: 4/108 [steam dragon (5)]
  4918 | D:6      | Reached XP level 9. HP: 2/79 MP: 9/9
  5400 | D:6      | Noticed a two-headed ogre
  5417 | D:6      | Killed a two-headed ogre
  5418 | D:6      | Reached skill level 9 in Armour
  5835 | D:6      | Found a blossoming altar of Fedhas.
  6186 | D:7      | Reached skill level 10 in Armour
  6191 | D:7      | Reached *** piety under Trog
  6315 | D:7      | Noticed Maggie
  6335 | D:7      | Killed Maggie
  6336 | D:7      | Reached XP level 10. HP: 40/88 MP: 10/10
  6360 | D:7      | Found a sand-covered staircase.
  6411 | Ossuary  | Entered an ossuary
  7864 | D:9      | Reached **** piety under Trog
  8022 | D:9      | Reached skill level 10 in Short Blades
  8364 | D:9      | Found a staircase to the Lair.
  8375 | D:9      | Reached skill level 11 in Armour
  8489 | D:9      | Identified the +1 robe of Anaesthesia {+Blink}
  8591 | D:9      | Found an ornate altar of the Wu Jian Council.
  8752 | D:9      | Found a runed translucent door.
  8758 | D:9      | Noticed Psyche
  8773 | D:9      | Killed Psyche
  8793 | D:9      | Found a basalt altar of Yredelemnul.
  9158 | D:10     | Entered Level 10 of the Dungeon
  9254 | D:10     | Reached skill level 1 in Throwing
  9387 | D:10     | HP: 4/89 [killer bee (4)]
  9387 | D:10     | Slain by a killer bee

Illustrated notes

Levels and vault maps discovered:
D:1:      tarquinn_simple_flora_water_b, layout_basic
D:2:      layout_loops_ring, basic_altar, hangedman_decor_clover_reticule
D:3:      layout_loops_ring, gammafunk_ghost_necromancy, uniq_grinder,
          uniq_sigmund
D:4:      layout_loops_ring, chei_slow_surprise, kiku_gazebo_garden_becter,
          mainiacjoe_overflow_small_starburst, uniq_pikel
D:5:      layout_layer_cave, mainiacjoe_overflow_concentric_impassable,
          temple_pool_b, minmay_misc_feat_secret_circle, uniq_ijyb,
          uniq_crazy_yiuf_cottage
D:6:      layout_loops_ring, fedhas_bush_and_centaur_altar
D:7:      layout_rooms, enter_ossuary_4, uniq_maggie
D:8:      layout_loops_cross
D:9:      layout_loops_ring, mainiacjoe_overflow_alcove_2,
          dk_yredelemnul_ordeal, grunt_lair_entry_orc_guard_hut, uniq_psyche
D:10:     layout_roguey, special_room [special_room_bee]

Skill      XL: |  1  2  3  4  5  6  7  8  9 10 |
---------------+-------------------------------+-----
Fighting       | 3 4 5 6 |  6.7
Short Blades   | 3 4 5 7 9 10 | 10.7
Armour         | 3 4 5 6 8 10 11 | 11.6
Dodging        | 2 3 |  3.4
Stealth        | 1 |  1.9
Throwing       | 1 |  1.2
Shields        | |  0.5

Action                     |  1- 3 |  4- 6 |  7- 9 | 10-12 || total
---------------------------+-------+-------+-------+-------++-------
  Melee: Dagger            |    87 |    20 |       |       ||   107
         Short sword       |     6 |       |       |       ||     6
         Tailslap          |    10 |     5 |    31 |    55 ||   101
         Rapier            |       |    32 |   300 |   343 ||   675
         Punch             |       |     2 |     4 |       ||     6
  Throw: Stone             |       |       |     7 |    12 ||    19
 Invoke: Berserk           |       |     1 |     9 |     9 ||    19
    Use: Scroll            |     1 |       |     9 |     6 ||    16
         Potion            |       |       |     2 |       ||     2
 Armour: Leather armour    |     7 |       |       |       ||     7
         Animal skin       |     1 |       |       |       ||     1
         Chain mail        |     9 |    35 |   184 |   170 ||   398
  Dodge: Dodged            |    28 |    24 |    93 |    85 ||   230
  Block: Buckler           |       |       |       |    23 ||    23

Table legend: (Time is in decaauts)
 A = Elapsed time spent in this place.
 B = Non-inter-level travel time spent in this place.
 C = Inter-level travel time spent in this place.
 D = Time resting spent in this place.
 E = Time spent auto-exploring this place.
 F = Levels seen in this place.
 G = Mean time per level.
                   A        B        C        D        E       F      G
               +--------+--------+--------+--------+--------+-----+--------+
         Total |   9354 |   9092 |    262 |    129 |   6567 |  11 |  850.4 |
       Dungeon |   9013 |   8751 |    262 |     87 |   6528 |  10 |  901.3 |
       Ossuary |    340 |    340 |      0 |     42 |     39 |   1 |  340.0 |
               +--------+--------+--------+--------+--------+-----+--------+

Top non-repeatable levels by time:
     D:5: 1546 daAuts
     D:9: 1323 daAuts
     D:6: 1211 daAuts
     D:3: 1033 daAuts
     D:4: 873 daAuts
     D:8: 766 daAuts
     D:2: 734 daAuts
     D:1: 708 daAuts
     D:7: 601 daAuts
 Ossuary: 340 daAuts
    D:10: 214 daAuts
